 Dungeon Crawl Stone Soup version 0.31-a0-496-g6f97920a28 (webtiles) character file.

Game seed: 18008356972878369646

3703 LeprechaunX the Mimic (level 10, -1/62 HPs)
             Began as an Octopode Shapeshifter on Aug 8, 2023.
             Was a Believer of Hepliaklqana.
             Killed by divine providence
             ... invoked by an orc priest
              (16 damage)
             ... on level 8 of the Dungeon.
             The game lasted 00:10:18 (6659 turns).

LeprechaunX the Mimic (Octopode Shapeshifter)       Turns: 6659, Time: 00:10:19

Health: -1/62      AC:  2    Str: 18    XL:     10   Next: 14%
Magic:  19/19      EV: 25    Int: 11    God:    Hepliaklqana [**....]
Gold:   457        SH:  0    Dex: 13    Spells: 9/9 levels left

rFire   . .          .
                       - Unarmed
rCold   . . .        (shield currently unavailable)
rNeg    . . .        v - +1 hat
rPois   .            (no amulet)
rElec   .            e - ring of magical power
rCorr   .            f - +5 ring of evasion
SInv    .            (no ring)
Will    .....        (no ring)
Stlth   +            (no ring)
HPRegen 0.30/turn    (no ring)
MPRegen 0.16/turn    (no ring)
                     (no ring)

%: no passive effects
@: flux-form, glowing
A: glow, contaminating, reduced essence, almost no armour, amphibious, 8 rings,
camouflage 1, gelatinous body 1, (nimble swimmer 1), tentacles
a: Begin Untransformation, Renounce Religion, Recall Ancestor, Ancestor Identity


You were on level 8 of the Dungeon.
You worshipped Hepliaklqana.
Hepliaklqana was pleased with you.
You were something dangerously unstable.
You visited 2 branches of the dungeon, and saw 9 of its levels.

You collected 457 gold pieces.

Inventory:

Hand Weapons
 a - a +2 sling of freezing
Armour
 v - a +1 hat (worn)
Jewellery
 e - a ring of magical power (left tentacle)
 f - a +5 ring of evasion (right tentacle)
 D - a ring of fire
Talismans
 b - a beast talisman
 c - a flux talisman (active)
Wands
 y - a wand of roots (12)
 B - a wand of flame (24)
Scrolls
 h - 6 scrolls of identify {unknown}
 i - 5 scrolls of immolation {unknown}
 m - 4 scrolls of teleportation {unknown}
 p - 2 scrolls of poison {unknown}
 r - a scroll of revelation {unknown}
 t - 2 scrolls of enchant armour {unknown}
 z - a scroll of silence {unknown}
 A - 2 scrolls of fog {unknown}
Potions
 d - 6 potions of curing {unknown}
 g - a potion of enlightenment {unknown}
 j - 2 potions of heal wounds {unknown}
 k - 4 potions of mutation {unknown}
 l - 2 potions of attraction {unknown}
 n - 3 potions of degeneration {unknown}
 o - a potion of brilliance {unknown}
 q - a potion of berserk rage {unknown}
 s - 2 potions of lignification
 u - 2 potions of invisibility {unknown}
 w - a potion of magic {unknown}
 x - 2 potions of might {unknown}
 C - a potion of cancellation {unknown}


   Skills:
 + Level 6.4 Fighting
 + Level 6.6 Dodging
 + Level 7.2 Unarmed Combat
 * Level 8.1 Shapeshifting


You had 9 spell levels left.
You didn't know any spells.
Your spell library contained the following spells:

 Spells                   Type           Power      Damage    Failure   Level
 Sting                    Tmut/Pois      0%         1d3       34%         1
 Poisonous Vapours        Pois/Air       0%         N/A       47%         2
 Inner Flame              Hex/Fire       0%         N/A       71%         3
 Olgreb's Toxic Radiance  Pois           0%         N/A       98%         4
 Yara's Violent Unravell  Hex/Tmut       0%         3d3       100%        5
 Enfeeble                 Hex            0%         N/A       100%        7


Dungeon Overview and Level Annotations

Branches:
Dungeon (8/15)             Temple (1/1) D:4
   Lair: D:8-11

Altars:
Ashenzari
Cheibriados
Dithmenos
Elyvilon
Fedhas
Gozag
Hepliaklqana
Makhleb
Nemelex Xobeh
Okawaru
Qazlal
Ru
Uskayaw
Vehumet
Wu Jian
Xom
Yredelemnul
Zin
The Shining One

Shops:
D:1 **

Annotations:
D:3 2 runed translucent doors


Innate Abilities, Weirdness & Mutations

You are something dangerously unstable.
You glow with magical radiation, making you easy to see and hit.
Foes you strike become dangerously contaminated with magical radiation.
You are incapable of wielding weapons or throwing items.
Your life essence is reduced to manifest your ancestor. (-10% HP)
You cannot wear most types of armour.
You are amphibious.
You can wear up to eight rings at the same time.
Your skin changes colour to match your surroundings (Stealth+).
Your rubbery body absorbs attacks. (AC +1, EV +1)
((You are camouflaged when in or above water. (Stealth+)))
You have tentacles for arms and can constrict up to eight enemies at once.


Message History

The orc priest looks encouraged for a moment.
Ara hits the water moccasin with a +0 dagger of draining.
The water moccasin glows dangerously bright.
The wolf bites you.
* * * LOW HITPOINT WARNING * * *
Ara hits the water moccasin with a +0 dagger of draining!
Ara drains the water moccasin.
The water moccasin dies!
You bludgeon the wolf!
You kill the wolf!
Ara hits the wolf with a +0 dagger of draining!
Ara drains the wolf.
The wolf begins to glow.
The orc priest begins to cast a cantrip, but forgets the words!
The wolf bites Ara.
Ara shudders as magic cascades through her!!
You destroy Ara!
The wolf howls!
You hear a howl!
The wolf stops to sniff the ground.
The hound bites you.
* * * LOW HITPOINT WARNING * * *
The hound closely misses you.
You tentacle-slap the hound.
The hound begins to glow.
Your grab misses the hound.
The hound is moderately wounded.
The hound misses you.
Unknown command.
You bludgeon the hound!
The hound glows dangerously bright.
Your grab misses the hound.
The hound is severely wounded.
The hound completely misses you.
You tentacle-slap the hound but do no damage.
The hound shudders as magic cascades through it.
The hound twists and deforms.
You grab the hound.
The hound is almost dead.
You constrict the hound.
You kill the hound!
The orc priest calls down the wrath of Beogh upon you.
Beogh smites you!
You die...

#.### #.# #.# #.#
#.# #.# #.### #.#
#)..# # #.#.#####.#
#..........
#######.....~....
#....Bh†..~.~..~~
....#####o.....~.~≈
# #....~~≈~.≈
#...~~~≈≈≈≈
#..[~~~~~~~
#..........
#...~~~~~≈~
#......≈≈≈≈


You could see a wolf (contam, drained) and an orc priest.

Vanquished Creatures
  A two-headed ogre (D:7)
  A troll (D:8)
  Sigmund (D:2)
  A wyvern (D:8)
  A steam dragon (D:8)
  A water moccasin (D:6)
  2 orc warriors
  2 ice beasts (D:6)
  A sky beast (D:7)
  3 black bears
  An ogre (D:5)
  A wolf (D:8)
  A kobold brigand (D:7)
  A bullfrog (D:7)
  A scorpion (D:4)
  3 howler monkeys
  2 crimson imps
  6 hounds
  2 jellies
  3 orc priests
  Crazy Yiuf (D:6)
  5 iguanas
  Terence (D:2)
  4 orc wizards
  An ancestor (D:7)
  2 hexers (D:8)
  7 adders
  2 white imps
  2 ufetubi (D:5)
  A dart slug (D:1)
  13 orcs
  7 endoplasms
  3 giant cockroaches
  14 goblins
  12 hobgoblins
  7 kobolds
  3 quokkas
  4 ball pythons
  5 bats
  3 frilled lizards
  A goblin skeleton (D:4)
  A goblin zombie (D:4)
  3 hobgoblin zombies (D:4)
  A kobold skeleton (D:4)
  3 orc zombies (D:4)
  4 rats
145 creatures vanquished.

Vanquished Creatures (collateral kills)
  A steam dragon (D:8)
  A water moccasin (D:8)
  A scorpion (D:6)
  2 jellies
  A goblin (D:6)
6 creatures vanquished.

Grand Total: 151 creatures vanquished

Notes
Turn   | Place    | Note
-------+----------+-------------------------------------------
     0 | D:1      | LeprechaunX the Octopode Shapeshifter began the quest for
                  | the Orb.
     0 | D:1      | Reached XP level 1. HP: 13/13 MP: 1/1
   162 | D:1      | Reached XP level 2. HP: 18/18 MP: 2/2
   224 | D:1      | Found Uviasot's Assorted Antiques.
   453 | D:1      | Found Kaemeh's General Store.
   508 | D:1      | Found a faded altar of an unknown god.
   721 | D:1      | Reached XP level 3. HP: 22/23 MP: 3/3
  1374 | D:2      | Reached XP level 4. HP: 26/29 MP: 4/4
  1505 | D:2      | Noticed Terence
  1511 | D:2      | Killed Terence
  1781 | D:2      | Noticed Sigmund
  1789 | D:2      | Killed Sigmund
  1790 | D:2      | Reached skill level 4 in Shapeshifting
  1790 | D:2      | Reached XP level 5. HP: 22/35 MP: 5/5
  1790 | D:2      | Reached XP level 6. HP: 26/41 MP: 6/6
  2145 | D:3      | Found a large runed translucent door.
  2148 | D:3      | Found a large runed translucent door.
  2148 | D:3      | Found a shimmering altar of Xom.
  2679 | D:4      | Found a staircase to the Ecumenical Temple.
  2704 | Temple   | Entered the Ecumenical Temple
  2971 | D:4      | Found a glowing golden altar of the Shining One.
  2978 | D:4      | Reached XP level 7. HP: 43/46 MP: 7/7
  3123 | D:4      | Found a hazy altar of Hepliaklqana.
  3123 | D:4      | Found a snail-covered altar of Cheibriados.
  3240 | D:4      | Became a worshipper of Hepliaklqana the Forgotten
  3528 | D:5      | Entered Level 5 of the Dungeon
  3547 | D:5      | Found an ornate altar of the Wu Jian Council.
  3860 | D:5      | Reached skill level 5 in Shapeshifting
  4093 | D:5      | Reached skill level 5 in Unarmed Combat
  4093 | D:5      | Reached XP level 8. HP: 51/54 MP: 8/8
  4348 | D:5      | Found a shadowy altar of Dithmenos.
  4369 | D:5      | Reached * piety under Hepliaklqana
  4687 | D:6      | Reached skill level 6 in Shapeshifting
  4965 | D:6      | Reached skill level 5 in Dodging
  5094 | D:6      | Found a runed translucent door.
  5095 | D:6      | Noticed Crazy Yiuf
  5333 | D:6      | Killed Crazy Yiuf
  5334 | D:6      | Reached skill level 5 in Fighting
  5334 | D:6      | Reached XP level 9. HP: 54/54 MP: 9/9
  5570 | D:7      | Found a sparkling altar of Nemelex Xobeh.
  5998 | D:7      | Reached ** piety under Hepliaklqana
  6003 | D:7      | Reached skill level 7 in Shapeshifting
  6003 | D:7      | Remembered your ancestor Ara as a hexer
  6163 | D:8      | Noticed a two-headed ogre
  6190 | D:7      | Killed a two-headed ogre
  6486 | D:8      | Reached XP level 10. HP: 27/61 MP: 10/10
  6650 | D:8      | Reached skill level 8 in Shapeshifting
  6659 | D:8      | Killed from afar by an orc priest

Illustrated notes

Levels and vault maps discovered:
D:1:      psy_arrival_basics, layout_basic,
          shapermc_ecumenical_altar_notcrosses, serial_shops, shop, shop
D:2:      layout_loops_ring, uniq_terence, uniq_sigmund
D:3:      due_chaos_kobolds, layout_rooms
D:4:      layout_loops_ring, nicolae_tso_besieged_by_evil,
          gammafunk_temple_overflow_wave, temple_fountains,
          chequers_serial_rivers_small_a
D:5:      layout_loops_corners, nicolae_dithmenos_shadow_blocks,
          nicolae_wu_jian_wuxing_cycle, minmay_fire_ice_demons
D:6:      corexii_shack_village, layout_basic, kennysheep_decorative_pillar,
          uniq_crazy_yiuf_cottage
D:7:      layout_loops_ring, nemelex_xobeh_ov_fountains_minmay,
          kennysheep_small_circle
D:8:      layout_loops_ring, erik_lair_island, grunt_ministairs_7
Temple:   cyrus_circular_temple

Skill      XL: |  1  2  3  4  5  6  7  8  9 10 |
---------------+-------------------------------+-----
Fighting       | 2 3 4 5 6 |  6.4
Dodging        | 3 4 5 6 |  6.6
Unarmed Combat | 4 5 6 7 |  7.2
Shapeshifting  | 4 5 6 7 8 |  8.1

Action                     |  1- 3 |  4- 6 |  7- 9 | 10-12 || total
---------------------------+-------+-------+-------+-------++-------
  Melee: Unarmed           |    67 |    74 |   180 |    12 ||   333
         Constrict         |    18 |    24 |    35 |     3 ||    80
         Punch             |     2 |     1 |     2 |       ||     5
         Tentacles         |     8 |    22 |    50 |     2 ||    82
 Invoke: Ancestor Life: He |       |       |     1 |       ||     1
   Stab: Sleeping          |     7 |     6 |     3 |       ||    16
 Armour: Skin              |     5 |     2 |     8 |     1 ||    16
  Dodge: Dodged            |    32 |    52 |   141 |    11 ||   236
   Form: Flux              |       |       |     1 |       ||     1

Table legend: (Time is in decaauts)
 A = Elapsed time spent in this place.
 B = Non-inter-level travel time spent in this place.
 C = Inter-level travel time spent in this place.
 D = Time resting spent in this place.
 E = Time spent auto-exploring this place.
 F = Levels seen in this place.
 G = Mean time per level.
                   A        B        C        D        E       F      G
               +--------+--------+--------+--------+--------+-----+--------+
         Total |   6627 |   6271 |    356 |    243 |   5096 |   9 |  736.3 |
       Dungeon |   6611 |   6269 |    342 |    243 |   5096 |   8 |  826.4 |
        Temple |     15 |      1 |     14 |      0 |      0 |   1 |   15.0 |
               +--------+--------+--------+--------+--------+-----+--------+

Top non-repeatable levels by time:
     D:5: 1077 daAuts
     D:1: 1016 daAuts
     D:4: 941 daAuts
     D:2: 865 daAuts
     D:7: 778 daAuts
     D:6: 775 daAuts
     D:3: 676 daAuts
     D:8: 479 daAuts
  Temple: 15 daAuts
